Map: Sacrifice tropical

Players

Percival - Winner!

  • Race: Terran Terran
  • League: Master
  • Spawn Location: 1:00

ShoWTimE

  • Race: Protoss Protoss
  • Spawn Location: 7:00

VOD

Have the link to the VOD?

Description

Time

  • Played on: Oct. 20, 2022, 6:15 a.m.
  • Length: 6:13
Show
View Real Time Build Order
Export as new Build Order

Percival Terran - Winner!

Build Orders: Reaper Expand 

Get SALT Encoding   

  12  0:00  SCV  
  13  0:12  SCV  
  14  0:17  Supply Depot  
  14  0:24  SCV  
  15  0:38  SCV  
  15  0:40  Barracks  
  16  0:45  Refinery  
  16  0:51  SCV  
  17  1:03  SCV  
  18  1:15  SCV  
  19  1:27  Reaper, Orbital Command  
  20  1:43  Command Center  
  20  1:52  Supply Depot  
  20  1:54  SCV  
  21  2:00  Marine  
  22  2:06  SCV  
  23  2:11  Factory  
  23  2:18  SCV  
  23  2:20  Bunker  
  24  2:23  Refinery  
  24  2:26  Barracks Reactor  
  24  2:30  SCV  
  25  2:42  SCV  
  26  2:46  Barracks  
  26  2:54  SCV  
  26  2:55  Orbital Command  
  26  2:57  Factory Tech Lab  
  27  3:03  Marine x2  
  29  3:06  SCV  
  30  3:16  Cyclone  
  30  3:18  SCV  
  34  3:23  SCV  
  34  3:26  Marine x2  
  36  3:28  Barracks  
  36  3:30  SCV  
  37  3:34  Barracks Tech Lab  
  37  3:35  SCV  
  37  3:38  Supply Depot  
  38  3:43  Marine x2  
  38  3:45  SCV  
  38  3:48  SCV  
  42  3:52  Siege Tank  
  45  3:57  SCV  
  45  3:58  Marine  
  45  4:00  SCV  
  45  4:01  Marine  
  45  4:04  Marine  
  45  4:09  SCV  
  47  4:11  Stimpack  
  47  4:15  SCV  
  47  4:16  Supply Depot  
  48  4:21  Supply Depot, SCV  
  48  4:23  Marine  
  48  4:24  Marine  
  51  4:25  Barracks Tech Lab  
  51  4:30  Siege Tank  
  54  4:38  Supply Depot, SCV x2  
  56  4:39  Engineering Bay  
  56  4:42  Marine  
  57  4:46  Combat Shield, Marine x3  
  57  4:50  SCV x2  
  62  4:55  Supply Depot  
  62  5:01  Marine  
  62  5:02  SCV x2  
  62  5:03  Marine  
  62  5:04  Marine x2  
  62  5:06  Siege Tank  
  71  5:08  Refinery  
  71  5:14  SCV x2  
  71  5:19  Supply Depot, Marine  
  74  5:21  Marine x3  
  74  5:25  Missile Turret  
  74  5:26  SCV x2  
  79  5:37  Marine  
  79  5:38  SCV x2  
  79  5:39  Marine x3  
  85  5:50  SCV x2  
  85  5:54  Marine  
Show
View Real Time Build Order
Export as new Build Order

ShoWTimE Protoss 

Build Orders: 1 Gate Expand, Oracle Opening 

Get SALT Encoding   

  12  0:00  Probe  
  13  0:12  Probe  
  14  0:19  Pylon  
  14  0:24  Probe  
  15  0:37  Probe (Chrono Boost)  
  15  0:38  Gateway  
  16  0:46  Probe (Chrono Boost)  
  16  0:47  Assimilator  
  17  0:51  Probe (Chrono Boost)  
  18  1:03  Probe  
  19  1:15  Probe  
  20  1:25  Cybernetics Core  
  20  1:35  Nexus  
  20  1:38  Probe  
  21  1:46  Pylon  
  21  1:50  Probe  
  22  1:54  Assimilator  
  22  2:01  Adept (Chrono Boost)  
  22  2:02  Probe  
  25  2:15  Probe  
  26  2:20  Stargate  
  26  2:27  Adept (Chrono Boost), Probe  
  29  2:36  Warp Gate  
  29  2:40  Probe (Chrono Boost)  
  30  2:47  Probe (Chrono Boost)  
  30  2:49  Adept (Chrono Boost)  
  34  2:56  Probe x2 (Chrono Boost)  
  35  3:01  Probe (Chrono Boost)  
  35  3:03  Probe  
  35  3:04  Oracle (Chrono Boost)  
  37  3:11  Pylon  
  40  3:13  Probe  
  40  3:15  Probe  
  42  3:25  Adept, Probe  
  44  3:27  Probe  
  44  3:33  Gateway  
  45  3:38  Oracle (Chrono Boost), Probe  
  45  3:39  Probe  
  50  3:44  Pylon  
  50  3:50  Probe  
  50  3:51  Probe  
  52  4:02  Probe  
  46  4:03  Probe  
  46  4:07  Nexus  
  46  4:09  Oracle (Chrono Boost)  
  45  4:15  Probe  
  49  4:19  Assimilator  
  49  4:20  Probe  
  50  4:24  Assimilator  
  50  4:27  Probe  
  50  4:28  Adept  
  50  4:29  Adept  
  55  4:32  Probe  
  55  4:37  Twilight Council  
  56  4:39  Probe  
  56  4:41  Shield Battery  
  57  4:47  Gateway  
  57  4:49  Probe  
  58  4:53  Probe  
  58  4:55  Robotics Facility  
  58  4:58  Shield Battery  
  59  5:02  Probe  
  59  5:05  Probe  
  61  5:10  Pylon  
  61  5:14  Probe  
  62  5:19  Probe  
  63  5:22  Sentry, Stalker  
  63  5:26  Shield Battery  
  69  5:33  Gateway  
  68  5:37  Shield Battery  
  68  5:39  Oracle (Chrono Boost)  
  70  5:48  Stalker x3  
  76  5:53  Probe x2  
  76  5:55  Pylon  
Tags
 
Add a new tag
Caveats
  • Supply blocks, unpowered buildings, or Contaminate may cause inaccurate times.
  • Supply counts are checked every 10 seconds.